 Dungeon Crawl Stone Soup version 0.22-a0-185-ge330310 (webtiles) character file.

270 vishdafish the Skirmisher (level 6, 34/48 HPs)
             Began as a Demonspawn Fighter on Feb 15, 2018.
             Quit the game on level 3 of the Dungeon.
             The game lasted 00:03:23 (2387 turns).

vishdafish the Skirmisher (Demonspawn Fighter)      Turns: 2387, Time: 00:03:24

Health: 34/48      AC:  6    Str: 21    XL:     6   Next: 1%
Magic:  6/6        EV:  7    Int: 12    God:
Gold:   99         SH:  9    Dex: 12    Spells: 5/5 levels left

rFire    . . .     SeeInvis .   a - +0 long sword
rCold    . . .     Gourm    .   c - +0 shield
rNeg     . . .     Faith    .   b - +0 scale mail
rPois    .         Spirit   .   (no helmet)
rElec    .         Reflect  .   (no cloak)
rCorr    .         Harm     .   (no gloves)
MR       .....                  (no boots)
Stlth    ..........             (no amulet)
HPRegen  0.16/turn              h - +5 ring of strength
MPRegen  0.10/turn              (no ring)

@: flying
A: talons 2, sanguine armour 1
a: no special abilities


You were on level 3 of the Dungeon.
You were very hungry.

You visited 1 branch of the dungeon, and saw 3 of its levels.

You collected 99 gold pieces.

Inventory:

Hand Weapons
 a - a +0 long sword (weapon)
Armour
 b - a +0 scale mail (worn)
 c - a +0 shield (worn)
 p - a +0 pair of gloves
Jewellery
 h - a +5 ring of strength (left hand)
 o - an uncursed amulet of magic regeneration {unknown}
Scrolls
 d - a scroll of amnesia {unknown}
 e - a scroll of enchant weapon {unknown}
 g - a scroll of identify {unknown}
 i - 2 scrolls of teleportation {unknown}
 j - a scroll of magic mapping {unknown}
 n - a scroll of blinking {unknown}
 q - a scroll of enchant armour {unknown}
Potions
 k - a potion of ambrosia {unknown}
Comestibles
 f - 5 rations


   Skills:
 + Level 4.0 Fighting
 * Level 3.8 Long Blades
 + Level 3.6 Armour
 + Level 3.6 Shields


You had 5 spell levels left.
You didn't know any spells.

Dungeon Overview and Level Annotations

Branches:
Dungeon (3/15)

Altars:
Dithmenos
Okawaru
Xom

Annotations:
D:3 Flooderbenga's ghost, amateur TrMo


Innate Abilities, Weirdness & Mutations

You have razor-sharp toenails.
When seriously injured, your bleeding wounds create armour. (AC +0)


Message History

The dream sheep burns!
Unknown command.
You feel a strong urge to attack something.
The dream sheep burns!
The dream sheep explodes!
No target in view!
Unknown command.
You start resting.
You feel your anger nearly subside.
You are no longer berserk.
You are exhausted.
You feel yourself slow down.
You start resting.
You feel yourself speed up.
You start resting.
You hear the brisk rusting of a very distant drain.
You start resting.
Your blood armour dries and flakes away.
You start resting.
You recover from your berserk rage.
Are you sure you want to abandon this character and quit the game? (Confirm with "yes".)

...
#......<.####..........
.##
#.#.............%......
.
#.#..>.................
#.........%..%.......
#......%...........##
#.#.###...._.....#####
#...............%#
######.........%.#
#..%...@....#
#...........#
#############


There were no monsters in sight!

Vanquished Creatures
  A dream sheep (D:3)
  Natasha (twice) (D:2)
  Robin (D:2)
  A gnoll (D:2)
  An adder (D:2)
  3 worms (D:2)
  2 dart slugs (D:1)
  A leopard gecko (D:1)
  3 orcs
  5 bats
  5 giant cockroaches
  24 goblins
  8 hobgoblins
  4 jackals
  9 kobolds
  2 ball pythons (D:1)
  3 frilled lizards
  7 rats
82 creatures vanquished.

Vanquished Creatures (others)
  4 dream sheep (D:3)
4 creatures vanquished.

Grand Total: 86 creatures vanquished

Notes
Turn   | Place    | Note
-------+----------+-------------------------------------------
     0 | D:1      | vishdafish the Demonspawn Fighter began the quest for the Orb.
     0 | D:1      | Reached XP level 1. HP: 18/18 MP: 1/1
   111 | D:1      | Gained mutation: You have sharp toenails. [demonic ancestry]
   111 | D:1      | Reached XP level 2. HP: 13/24 MP: 2/2
   473 | D:1      | Reached XP level 3. HP: 18/29 MP: 3/3
  1008 | D:2      | Reached XP level 4. HP: 12/35 MP: 4/4
  1234 | D:2      | Noticed Natasha
  1252 | D:2      | Killed Natasha
  1269 | D:2      | Noticed Natasha
  1279 | D:2      | Killed Natasha
  1610 | D:2      | Found a shadowy altar of Dithmenos.
  1651 | D:2      | Gained mutation: You have razor-sharp toenails. [demonic ancestry]
  1651 | D:2      | Reached XP level 5. HP: 38/41 MP: 5/5
  1667 | D:2      | Noticed Robin
  1674 | D:2      | Killed Robin
  1855 | D:2      | Found an iron altar of Okawaru.
  1988 | D:3      | Noticed Flooderbenga's ghost (amateur TrMo)
  2344 | D:3      | Found a shimmering altar of Xom.
  2344 | D:3      | Noticed a dream sheep
  2344 | D:3      | Noticed a dream sheep
  2344 | D:3      | Noticed a dream sheep
  2344 | D:3      | Noticed a dream sheep
  2344 | D:3      | Noticed a dream sheep
  2348 | D:3      | Killed a dream sheep
  2348 | D:3      | Reached skill level 4 in Fighting
  2348 | D:3      | Gained mutation: When seriously injured, your bleeding wounds create armour. (AC +0) [demonic ancestry]
  2348 | D:3      | Reached XP level 6. HP: 48/48 MP: 6/6
  2349 | D:3      | Killed a dream sheep
  2349 | D:3      | Killed a dream sheep
  2349 | D:3      | Killed a dream sheep
  2351 | D:3      | Killed a dream sheep
  2387 | D:3      | Quit the game

Vault maps used:
D:1:      tarquinn_simple_flora_water_a, minmay_octomino_c4
D:2:      nicolae_dithmenos_shadow_blocks, first_ration,
          okawaru_altar_gauntlet_db, uniq_natasha, uniq_robin
D:3:      nicolae_overflow_hidden_temple, bloody_makhleb, fedhas_altar_4,
          serial_co_window_serial, co_window_paths_b,
          co_window_of_opportunity_a, co_window_corner_a, co_window_paths_a,
          co_window_paths_b, co_window_broadway_b, co_window_corner_b,
          co_window_of_opportunity_b, co_window_sun, glass_columns_c,
          portal_sewer_entry_b, nrook_mini_vaults, kb_xom_exploding_sheep

Skill      XL: |  1  2  3  4  5 |
---------------+----------------+-----
Long Blades    | 2 3 |  3.8
Armour         | 3 |  3.6
Shields        | 3 |  3.6
Fighting       | 4 |  4.0

Action                   |  1- 3 |  4- 6 || total
-------------------------+-------+-------++-------
Melee: Long sword        |   111 |    94 ||   205
       Kick              |    25 |    25 ||    50
  Use: Potion            |     1 |     4 ||     5
  Eat: Chunk             |       |     4 ||     4
Armor: Scale mail        |    50 |    41 ||    91
Dodge: Dodged            |    28 |    21 ||    49
Block: Shield            |    42 |    56 ||    98
       Rpst.: Long sword |    11 |     8 ||    19

Table legend:
 A = Spawn XP
 B = Non-spawn XP
 C = Spawn XP percentage of total XP
 D = Spawn monster count
 E = Non-spawn monster count
 F = Spawn count percentage of total count
 G = Total turns spent on level
                    A         B        C        D         E        F      G
               +---------+---------+-------+---------+---------+-------+---------
         Total |       0 |     386 |   0.0 |       0 |      82 |   0.0 |  2387
               +---------+---------+-------+---------+---------+-------+---------
           D:1 |       0 |      62 |   0.0 |       0 |      34 |   0.0 |   926
           D:2 |       0 |     191 |   0.0 |       0 |      43 |   0.0 |  1328
           D:3 |       0 |     133 |   0.0 |       0 |       5 |   0.0 |   133
               +---------+---------+-------+---------+---------+-------+---------
